 Dungeon Crawl Stone Soup version 0.28.0-43-g3370ac3207 (webtiles) character file.

Game seed: 165847400328919184

22 fleeber the Chopper (level 2, -1/27 HPs)
             Began as a Minotaur Berserker on Mar 16, 2022.
             Was a Follower of Trog.
             Succumbed to an orc wizard's poison
             ... on level 2 of the Dungeon.
             The game lasted 00:04:42 (1107 turns).

fleeber the Chopper (Minotaur Berserker)            Turns: 1107, Time: 00:04:43

Health: -1/27      AC:  8    Str: 21    XL:     2   Next: 68%
Magic:  1/1        EV:  8    Int:  4    God:    Trog [*.....]
Gold:   19         SH:  0    Dex:  9    Spells: 1/1 levels left

rFire   . . .      SeeInvis .   a - +0 hand axe
rCold   . . .      Faith    .   (no shield)
rNeg    . . .      Spirit   .   c - +0 chain mail
rPois   .          Reflect  .   (helmet restricted)
rElec   .          Harm     .   (no cloak)
rCorr   .          Rampage  .   (no gloves)
Will    .....                   (no boots)
Stlth   ..........              (no amulet)
HPRegen 0.09/turn               (no ring)
MPRegen 0.07/turn               (no ring)

@: lethally poisoned (-1 -> -27)
A: horns 2, retaliatory headbutt
a: Renounce Religion, Berserk


You were on level 2 of the Dungeon.
You worshipped Trog.
Trog was aware of your devotion.
You visited 1 branch of the dungeon, and saw 2 of its levels.

You collected 19 gold pieces.

Inventory:

Hand Weapons
 a - a +0 hand axe (weapon)
Missiles
 g - 3 boomerangs (quivered)
Armour
 c - a +0 chain mail (worn)
Scrolls
 b - a scroll of immolation {unknown}
 d - a scroll of identify {unknown}
Potions
 e - a potion of ambrosia {unknown}
 f - a potion of heal wounds {unknown}


   Skills:
 + Level 4.1 Fighting
 + Level 4.2 Axes
 + Level 2.7 Armour
 + Level 2.3 Dodging


You had one spell level left.
You didn't know any spells.
Your spell library was empty.

Dungeon Overview and Level Annotations

Branches:
Dungeon (2/15)

Altars:

Annotations:
D:2 1 runed translucent door, Crazy Yiuf


Innate Abilities, Weirdness & Mutations

You have a pair of horns on your head.
You reflexively headbutt those who attack you in melee.


Message History

There is an open door here.
You hit the worm. You headbutt the worm.
The worm is severely wounded.
The worm bites you.
You hit the worm.
The worm is almost dead.
The worm bites you.
You slash the worm!
You kill the worm!
Trog accepts your kill.
You start resting.
An orc wizard comes into view. It is wielding a +2 dagger of venom.
The orc wizard shouts!
The orc wizard gestures at you while chanting.
You resist with significant effort.
There is an open door here.
The orc wizard mumbles some strange words.
The orc wizard flickers and vanishes!
Deactivating autopickup; reactivate with Ctrl-A.
You hear some strange, mumbled words.
You are confused.
You're too confused to move!
Something hits you.
You are poisoned.
You're too confused to move!
You feel sick. Something completely misses you.
You barely miss something.
You feel sick. Something hits you.
You are lethally poisoned!
You're too confused to move!
You feel less confused.
You feel very sick. Something hits you but does no damage.
You are more poisoned.
You closely miss something.
* * * LOW HITPOINT WARNING * * *
You feel very sick. Something hits you.
* * * LOW HITPOINT WARNING * * *
You are more poisoned.
You miss something.
You die...

♣...♣♣ ♣....♣ #.....#
.. #....# #.....#...
##..## ### #.....#...
#...###.# #........
#.......####+#.......
#.########........#
#.#### #........#
#....# #.....@..#
####.########'##..#
##'#...# #.##..#
#......# #..#..#
+###......# ##.#..#
#.........# #....#
##........# ##...#
.'........######...#
##......#........>.#


There were no monsters in sight!

Vanquished Creatures
  A worm (D:2)
  3 orcs (D:2)
  2 ball pythons (D:1)
  A bat (D:1)
  An endoplasm (D:1)
  A giant cockroach (D:2)
  2 goblins (D:1)
  A hobgoblin (D:1)
  A quokka (D:1)
13 creatures vanquished.

Notes
Turn   | Place    | Note
-------+----------+-------------------------------------------
     0 | D:1      | fleeber the Minotaur Berserker began the quest for the Orb.
     0 | D:1      | Reached XP level 1. HP: 19/19 MP: 0/0
   217 | D:1      | Found a faded altar of an unknown god.
   361 | D:1      | Reached XP level 2. HP: 22/27 MP: 1/1
   950 | D:2      | Found a runed translucent door.
   951 | D:2      | Noticed Crazy Yiuf
  1107 | D:2      | Succumbed to an orc wizard's poison

Illustrated notes

Levels and vault maps discovered:
D:1:      wander_arrival_lonely_grave, layout_basic,
          shapermc_ecumenical_altar_gd
D:2:      layout_basic, serial_shops, shop, pf_guarded_unrand_delatra,
          uniq_robin, uniq_crazy_yiuf_cottage

Skill      XL: |  1  2 |
---------------+-------+-----
Axes           | 4 |  4.2
Fighting       | 4 |  4.1
Armour         | |  2.7
Dodging        | |  2.3

Action                   || total
-------------------------++-------
Melee: Hand axe          ||    26
       Headbutt          ||     3
Armor: Chain mail        ||    12
Dodge: Dodged            ||    13
